Map: Kairos Junction LE

Players

HeroMarine - Winner!

  • Race: Terran Terran
  • Spawn Location: 5:00

Sonix

  • Race: Zerg Zerg
  • Spawn Location: 11:00

Event: 2019 WCS Spring

VOD

Have the link to the VOD?

Description

Time

  • Played on: May 17, 2019, 6:24 a.m.
  • Length: 4:44

All games in this series

Show
View Real Time Build Order
Export as new Build Order

HeroMarine Terran - Winner!

Build Orders: Gas First Reaper Expand 

Get SALT Encoding   

  12  0:00  SCV  
  13  0:12  SCV  
  14  0:17  Supply Depot  
  14  0:24  SCV  
  15  0:31  Refinery  
  15  0:39  SCV  
  16  0:45  Barracks  
  16  0:51  SCV  
  17  1:03  SCV  
  18  1:15  SCV  
  19  1:32  Reaper, Orbital Command  
  20  1:42  Command Center  
  20  1:53  Factory  
  20  1:57  SCV  
  21  2:09  SCV, Barracks Reactor  
  21  2:13  Supply Depot  
  22  2:17  Refinery  
  22  2:21  SCV  
  23  2:35  SCV  
  24  2:44  Starport  
  24  2:45  Marine x2  
  24  2:47  SCV  
  27  2:51  Factory Tech Lab  
  27  2:55  Bunker  
  27  2:56  Orbital Command  
  27  3:03  Marine x2  
  30  3:10  Cyclone  
  32  3:13  SCV  
  32  3:26  SCV, Marine  
  32  3:27  Medivac  
  35  3:35  SCV, Marine  
  35  3:38  SCV  
  34  3:47  SCV  
  33  3:50  SCV  
  35  3:58  Barracks Reactor  
  35  3:59  SCV  
  35  4:02  SCV  
  36  4:11  SCV  
  36  4:14  SCV  
  38  4:23  SCV, Supply Depot  
  38  4:25  Factory Tech Lab  
  38  4:26  SCV  
  42  4:32  Supply Depot  
Show
View Real Time Build Order
Export as new Build Order

Sonix Zerg 

Build Orders: Pool First, Ravager All-In 

Get SALT Encoding   

  12  0:00  Drone  
  13  0:12  Drone  
  14  0:26  Spawning Pool  
  13  0:29  Drone  
  14  0:49  Overlord  
  14  0:51  Extractor  
  14  0:52  Extractor, Drone x2  
  14  1:13  Drone x2  
  16  1:23  Drone  
  17  1:26  Roach Warren  
  16  1:34  Drone  
  17  1:44  Overlord  
  17  2:07  Roach x2  
  21  2:16  Roach  
  23  2:27  Ravager  
  23  2:28  Ravager  
  25  2:30  Roach  
  25  2:32  Hatchery  
  25  2:35  Ravager  
  27  2:39  Drone  
  28  2:50  Ravager  
  29  2:57  Drone  
  30  3:29  Lair  
  30  3:33  Overlord x2  
  30  3:46  Drone  
  30  3:47  Drone  
  23  3:48  Drone  
  19  4:02  Roach x2  
  22  4:03  Queen  
  22  4:06  Extractor  
  22  4:08  Spore Crawler  
  20  4:19  Drone  
  20  4:24  Ravager  
  23  4:26  Drone  
  23  4:29  Drone  
  25  4:31  Ravager  
Tags
 
Add a new tag
Caveats
  • Supply blocks, unpowered buildings, or Contaminate may cause inaccurate times.
  • Supply counts are checked every 10 seconds.